3AAA
SIOUX FALLS RED PANDAS @ SALT LAKE CITY BUZZ
09/12/2024
 
TOP OF THE 1ST
Sioux Falls Red Pandas batting - Pitching for Salt Lake City Buzz : RHP Bartolo Medina
Pitching: RHP Bartolo Medina
Batting: RHB Jorge Díaz 0-0: Ball
1-0: Ball
2-0: Ground out 5-3 (Groundball, 5)
Batting: RHB Eduardo Sánchez 0-0: Swinging Strike
0-1: Ball
1-1: Ball
2-1: Ball
3-1: Foul Ball, location: 2F
3-2: Reached on Error, E9 (Flyball, 89M)
Batting: LHB Qi-zhen Loong 0-0: Foul Ball, location: 2F
0-1: Foul Ball, location: 2F
0-2: 2-RUN HOME RUN (Flyball, 89XD), Distance : 427 ft
Batting: RHB Mario Piña 0-0: Ball
1-0: Foul Ball, location: 2F
1-1: Ball
2-1: Ball
3-1: Foul Ball, location: 2F
3-2: Base on Balls
Batting: LHB Magali Lenidas 0-0: Ball
1-0: Called Strike
1-1: Foul Ball, location: 2F
1-2: Foul Ball, location: 2F
1-2: Strikes out swinging
Batting: RHB Jonathan Widdop 0-0: Called Strike
0-1: Ball
1-1: Ball
2-1: Ball
3-1: Called Strike
3-2: SINGLE (Groundball, 6D)
Mario Piña to second
Mario Piña to third
Batting: SHB Tsing Guao 0-0: Ball
1-0: Foul Ball, location: 2F
1-1: Fly out, F8 (Flyball, 8LM)
Top of the 1st over - 2 run(s), 2 hit(s), 1 error(s), 2 left on base; Sioux Falls 2 - Salt Lake City 0
BOTTOM OF THE 1ST
Salt Lake City Buzz batting - Pitching for Sioux Falls Red Pandas : RHP Raúl Gálvez
Pitching: RHP Raúl Gálvez
Batting: RHB Carlos López 0-0: SINGLE (Groundball, 5L)
Batting: SHB Raymond Bright 0-0: Ball
1-0: Called Strike
1-1: Ball
2-1: Swinging Strike
2-2: Ball
3-2: Base on Balls
Carlos López to second
Batting: RHB Gustavo Berrios 0-0: Called Strike
0-1: Ball
1-1: Swinging Strike
1-2: Strikes out swinging
Batting: SHB Wayne Saunders 0-0: Grounds into double play, 5-4-3 (Groundball, 5)
Bottom of the 1st over - 0 run(s), 1 hit(s), 0 error(s), 1 left on base; Sioux Falls 2 - Salt Lake City 0
TOP OF THE 2ND
Sioux Falls Red Pandas batting - Pitching for Salt Lake City Buzz : RHP Bartolo Medina
Batting: SHB Carroll Kline 0-0: Swinging Strike
0-1: Called Strike
0-2: Ball
1-2: Foul Ball, location: 2F
1-2: Strikes out looking
Batting: RHB David Morales 0-0: Called Strike
0-1: Ball
1-1: Called Strike
1-2: Fly out, F8 (Flyball, 8LD)
Batting: RHB Jorge Díaz 0-0: Ball
1-0: Fly out, F7 (Line Drive, 78M)
Top of the 2nd over - 0 run(s), 0 hit(s), 0 error(s), 0 left on base; Sioux Falls 2 - Salt Lake City 0
BOTTOM OF THE 2ND
Salt Lake City Buzz batting - Pitching for Sioux Falls Red Pandas : RHP Raúl Gálvez
Batting: RHB Patrick Clark 0-0: Called Strike
0-1: SINGLE (Line Drive, 34D)
Batting: SHB Carlton Reed 0-0: Called Strike
0-1: Ball
1-1: Grounds into double play, 4-6-3 (Groundball, 4)
Batting: RHB Andrew Hall 0-0: Ground out 6-3 (Groundball, 56)
Bottom of the 2nd over - 0 run(s), 1 hit(s), 0 error(s), 0 left on base; Sioux Falls 2 - Salt Lake City 0
TOP OF THE 3RD
Sioux Falls Red Pandas batting - Pitching for Salt Lake City Buzz : RHP Bartolo Medina
Batting: RHB Eduardo Sánchez 0-0: Ground out 6-3 (Groundball, 6M)
Batting: LHB Qi-zhen Loong 0-0: Called Strike
0-1: Ground out 5-3 (Groundball, 5L)
Batting: RHB Mario Piña 0-0: Called Strike
0-1: Ground out U3 (Groundball, 3S)
Top of the 3rd over - 0 run(s), 0 hit(s), 0 error(s), 0 left on base; Sioux Falls 2 - Salt Lake City 0
BOTTOM OF THE 3RD
Salt Lake City Buzz batting - Pitching for Sioux Falls Red Pandas : RHP Raúl Gálvez
Batting: RHB Roger Lakes 0-0: Ball
1-0: Foul Ball, location: 2F
1-1: Foul Ball, location: 2F
1-2: Hit by Pitch
Batting: RHB Juan Martínez Pickoff Throw to First - Error! E1
Roger Lakes to second
0-0: Called Strike
0-1: Ball
1-1: Ground out 6-3 (Groundball, 6)
Roger Lakes to third
Batting: RHB Carlos López 0-0: Foul Ball, location: 2F
0-1: Swinging Strike
0-2: Ball
1-2: Ball
2-2: Strikes out looking
Batting: SHB Raymond Bright 0-0: Foul Ball, location: 2F
0-1: Ground out 4-3 (Groundball, 4)
Bottom of the 3rd over - 0 run(s), 0 hit(s), 1 error(s), 1 left on base; Sioux Falls 2 - Salt Lake City 0
TOP OF THE 4TH
Sioux Falls Red Pandas batting - Pitching for Salt Lake City Buzz : RHP Bartolo Medina
Batting: LHB Magali Lenidas 0-0: Ball
1-0: Foul Ball, location: 2F
1-1: Ball
2-1: Called Strike
2-2: DOUBLE (Line Drive, 5D)
Batting: RHB Jonathan Widdop 0-0: Ball
1-0: Foul Ball, location: 2F
1-1: Ball
2-1: SINGLE (Groundball, 56D)
Magali Lenidas to third
Batting: SHB Tsing Guao 0-0: Foul Ball, location: 2F
0-1: Foul Ball, location: 2F
0-2: Ball
1-2: Fielders Choice at 2nd, 4-6 (Groundball, 34)
Magali Lenidas scores
Batting: SHB Carroll Kline 0-0: Called Strike
0-1: Swinging Strike
0-2: Ball
1-2: Ball
2-2: Strikes out looking
Batting: RHB David Morales 0-0: Ball
1-0: Fly out, F8 (Flyball, 8RXD)
Top of the 4th over - 1 run(s), 2 hit(s), 0 error(s), 1 left on base; Sioux Falls 3 - Salt Lake City 0
BOTTOM OF THE 4TH
Salt Lake City Buzz batting - Pitching for Sioux Falls Red Pandas : RHP Raúl Gálvez
Batting: RHB Gustavo Berrios 0-0: Ball
1-0: Called Strike
1-1: Ball
2-1: Ball
3-1: Base on Balls
Batting: SHB Wayne Saunders 0-0: Foul Ball, location: 2F
0-1: Foul Ball, location: 2F
0-2: Fly out, F7 (Flyball, 78S)
Batting: RHB Patrick Clark 0-0: Ball
1-0: Swinging Strike
1-1: Fly out, F4 (Line Drive, 4)
Batting: SHB Carlton Reed 0-0: Called Strike
0-1: Foul Ball, location: 2F
0-2: Ball
1-2: Ground out 3-1 (Groundball, 34S)
Bottom of the 4th over - 0 run(s), 0 hit(s), 0 error(s), 1 left on base; Sioux Falls 3 - Salt Lake City 0
TOP OF THE 5TH
Sioux Falls Red Pandas batting - Pitching for Salt Lake City Buzz : RHP Bartolo Medina
Batting: RHB Jorge Díaz 0-0: Fly out, F8 (Flyball, 8LM)
Batting: RHB Eduardo Sánchez 0-0: Called Strike
0-1: Ball
1-1: Fly out, F6 (Popup, 15)
Batting: LHB Qi-zhen Loong 0-0: Called Strike
0-1: Foul Ball, location: 2F
0-2: DOUBLE (Line Drive, 8RM)
Pitching: RHP Javier Díaz
Batting: RHB Mario Piña 0-0: Ball
1-0: Foul Ball, location: 2F
1-1: Fly out, F9 (Flyball, 8RM)
Top of the 5th over - 0 run(s), 1 hit(s), 0 error(s), 1 left on base; Sioux Falls 3 - Salt Lake City 0
BOTTOM OF THE 5TH
Salt Lake City Buzz batting - Pitching for Sioux Falls Red Pandas : RHP Raúl Gálvez
Batting: RHB Andrew Hall 0-0: Fly out, F9 (Flyball, 9LS)
Batting: RHB Roger Lakes 0-0: Ball
1-0: Called Strike
1-1: Swinging Strike
1-2: Ball
2-2: Fly out, F8 (Line Drive, 8RM)
Batting: RHB Juan Martínez 0-0: Called Strike
0-1: Ball
1-1: Ground out 6-3 (Groundball, 6)
Bottom of the 5th over - 0 run(s), 0 hit(s), 0 error(s), 0 left on base; Sioux Falls 3 - Salt Lake City 0
TOP OF THE 6TH
Sioux Falls Red Pandas batting - Pitching for Salt Lake City Buzz : RHP Javier Díaz
Batting: LHB Magali Lenidas 0-0: Called Strike
0-1: Fly out, F8 (Line Drive, 8RM)
Batting: RHB Jonathan Widdop 0-0: Fly out, F7 (Line Drive, 78M)
Batting: SHB Tsing Guao 0-0: Ball
1-0: Ball
2-0: Foul Ball, location: 2F
2-1: Foul Ball, location: 2F
2-2: Ball
3-2: Foul Ball, location: 2F
3-2: Foul Ball, location: 2F
3-2: Foul Ball, location: 2F
3-2: DOUBLE (Flyball, 7LD)
Batting: SHB Carroll Kline 0-0: Called Strike
0-1: Foul Ball, location: 2F
0-2: Strikes out swinging
Top of the 6th over - 0 run(s), 1 hit(s), 0 error(s), 1 left on base; Sioux Falls 3 - Salt Lake City 0
BOTTOM OF THE 6TH
Salt Lake City Buzz batting - Pitching for Sioux Falls Red Pandas : RHP Raúl Gálvez
Batting: RHB Carlos López 0-0: Called Strike
0-1: Called Strike
0-2: Strikes out swinging
Batting: SHB Raymond Bright 0-0: Swinging Strike
0-1: Ball
1-1: Ball
2-1: SINGLE (Groundball, 34D)
Batting: RHB Gustavo Berrios 0-0: Ball
1-0: Ball
2-0: Ball
3-0: Base on Balls
Raymond Bright to second
Batting: SHB Wayne Saunders 0-0: Ball
1-0: Fly out, F7 (Flyball, 7LS)
Batting: RHB Patrick Clark 0-0: Swinging Strike
0-1: Called Strike
0-2: Ball
1-2: Ball
2-2: Foul Ball, location: 2F
2-2: Ball
3-2: Ground out 1-3 (Groundball, 13)
Bottom of the 6th over - 0 run(s), 1 hit(s), 0 error(s), 2 left on base; Sioux Falls 3 - Salt Lake City 0
TOP OF THE 7TH
Sioux Falls Red Pandas batting - Pitching for Salt Lake City Buzz : RHP Javier Díaz
Batting: RHB David Morales 0-0: Ball
1-0: Ball
2-0: Ball
3-0: Called Strike
3-1: Ground out 6-3 (Groundball, 6)
Batting: RHB Jorge Díaz 0-0: Ball
1-0: Foul Ball, location: 2F
1-1: SINGLE (Line Drive, 78M)
Batting: RHB Eduardo Sánchez 0-0: Called Strike
0-1: Called Strike
0-2: Foul Ball, location: 2F
0-2: Ball
1-2: Foul Ball, location: 2F
1-2: Ball
2-2: Strikes out swinging
Batting: LHB Qi-zhen Loong 0-0: Called Strike
0-1: Foul Ball, location: 2F
0-2: Ball
1-2: Fly out, F7 (Flyball, 7M)
Top of the 7th over - 0 run(s), 1 hit(s), 0 error(s), 1 left on base; Sioux Falls 3 - Salt Lake City 0
BOTTOM OF THE 7TH
Salt Lake City Buzz batting - Pitching for Sioux Falls Red Pandas : RHP Raúl Gálvez
Pitching: RHP Taro Ohayashi
Batting: SHB Carlton Reed 0-0: Ball
1-0: Ground out U3 (Groundball, 3)
Batting: RHB Andrew Hall 0-0: Ground out 6-3 (Groundball, 6)
Batting: RHB Roger Lakes 0-0: Ground out 6-3 (Groundball, 6)
Bottom of the 7th over - 0 run(s), 0 hit(s), 0 error(s), 0 left on base; Sioux Falls 3 - Salt Lake City 0
TOP OF THE 8TH
Sioux Falls Red Pandas batting - Pitching for Salt Lake City Buzz : RHP Javier Díaz
Batting: RHB Mario Piña 0-0: Called Strike
0-1: Ball
1-1: Foul Ball, location: 2F
1-2: Ball
2-2: Fly out, F5 (Line Drive, 5S)
Pitching: RHP Eduardo Romero
Batting: LHB Magali Lenidas 0-0: Ball
1-0: SINGLE (Flyball, 8RS)
Batting: RHB Jonathan Widdop 0-0: Called Strike
0-1: Foul Ball, location: 2F
0-2: Strikes out looking
Batting: SHB Tsing Guao 0-0: Ball
1-0: Ball
2-0: Ball
3-0: Swinging Strike
3-1: Foul Ball, location: 2F
3-2: Base on Balls
Magali Lenidas to second
Batting: SHB Carroll Kline 0-0: Foul Ball, location: 2F
0-1: Ball
1-1: Ball
2-1: Ball
3-1: SINGLE (Groundball, 13) (infield hit)
Magali Lenidas to third
Tsing Guao to second
Pinch Hitting: LHB Steve Riggs 0-0: Ball
1-0: Called Strike
1-1: SINGLE (Groundball, 34D)
Magali Lenidas scores
Tsing Guao to third
Carroll Kline to second
Throwing error, E9
Tsing Guao scores
Carroll Kline to third
Steve Riggs to second
Batting: RHB Jorge Díaz 0-0: Called Strike
0-1: Ball
1-1: Ball
2-1: Ground out 1-3 (Groundball, 15)
Top of the 8th over - 2 run(s), 3 hit(s), 1 error(s), 2 left on base; Sioux Falls 5 - Salt Lake City 0
BOTTOM OF THE 8TH
Salt Lake City Buzz batting - Pitching for Sioux Falls Red Pandas : RHP Taro Ohayashi
Now in RF: Steve Riggs
Batting: RHB Juan Martínez 0-0: Ground out 6-3 (Groundball, 6)
Batting: RHB Carlos López 0-0: Ball
1-0: Ball
2-0: Ball
3-0: Base on Balls
Batting: SHB Raymond Bright 0-0: Called Strike
0-1: Ball
1-1: Ground out U3 (Groundball, 3S)
Carlos López to second
Batting: RHB Gustavo Berrios 0-0: Ball
1-0: Swinging Strike
1-1: Ball
2-1: Ball
3-1: SINGLE (Groundball, 56)
Carlos López to third
Runner from 3rd tries for Home, SAFE, no throw or cutoff
Batting: SHB Wayne Saunders Reached via error on a dropped throw, E3
Gustavo Berrios to second
Batting: RHB Patrick Clark 0-0: Foul Ball, location: 2F
0-1: Called Strike
0-2: Ball
1-2: Strikes out swinging
Bottom of the 8th over - 1 run(s), 1 hit(s), 1 error(s), 2 left on base; Sioux Falls 5 - Salt Lake City 1
TOP OF THE 9TH
Sioux Falls Red Pandas batting - Pitching for Salt Lake City Buzz : RHP Eduardo Romero
Batting: RHB Eduardo Sánchez 0-0: Ball
1-0: Ball
2-0: Ball
3-0: Base on Balls
Batting: LHB Qi-zhen Loong 0-0: Foul Ball, location: 2F
0-1: Called Strike
0-2: Ball
1-2: Strikes out swinging
Batting: RHB Mario Piña 0-0: Called Strike
0-1: Foul Ball, location: 2F
0-2: Ball
1-2: Ball
2-2: Foul Ball, location: 2F
2-2: Strikes out swinging
Batting: LHB Magali Lenidas 0-0: Ball
1-0: Foul Ball, location: 2F
1-1: Ball
2-1: Fly out, F8 (Flyball, 8LS)
Top of the 9th over - 0 run(s), 0 hit(s), 0 error(s), 1 left on base; Sioux Falls 5 - Salt Lake City 1
BOTTOM OF THE 9TH
Salt Lake City Buzz batting - Pitching for Sioux Falls Red Pandas : RHP Taro Ohayashi
Batting: SHB Carlton Reed 0-0: Ball
1-0: Ball
2-0: Ground out 1-3 (Groundball, 15)
Batting: RHB Andrew Hall 0-0: Ball
1-0: Ball
2-0: Foul Ball, location: 2F
2-1: Foul Ball, location: 2F
2-2: Ball
3-2: Base on Balls
Pitching: RHP José Juárez
Batting: RHB Roger Lakes 0-0: Called Strike
0-1: Foul Ball, location: 2F
0-2: Ball
Wild Pitch!
Andrew Hall to second
1-2: Ground out 4-3 (Groundball, 4M)
Andrew Hall to third
Batting: RHB Juan Martínez 0-0: Ball
1-0: Called Strike
1-1: Called Strike
1-2: Ball
2-2: Fly out, F7 (Flyball, 7M)
Bottom of the 9th over - 0 run(s), 0 hit(s), 0 error(s), 1 left on base; Sioux Falls 5 - Salt Lake City 1
This league is powered by Out of the Park Baseball, the baseball management simulation game for PC, Mac and Linux
Monday, October 3rd, 2016 - OOTP Baseball 16.9 Build 39